 Dungeon Crawl Stone Soup version 0.23-a0-726-g9fa1570 (webtiles) character file.

320 Ghella the Skirmisher (level 6, -2/49 HPs)
             Began as a Formicid Abyssal Knight on Jan 16, 2019.
             Was a Follower of Lugonu.
             Killed by nerve-wracking pain
             ... invoked by an orc priest
              (5 damage)
             ... on level 5 of the Dungeon.
             The game lasted 00:11:00 (4430 turns).

Ghella the Skirmisher (Formicid Abyssal Knight)     Turns: 4430, Time: 00:11:02

Health: -2/49      AC: 13    Str: 15 (18) XL:     6   Next: 75%
Magic:  16/16      EV: 11    Int: 10 (12) God:    Lugonu [*.....]
Gold:   157        SH:  0    Dex:  8 (10) Spells: 5/5 levels left

rFire    . . .     SeeInvis +   e - +2 spear (chaos)
rCold    . . .     Gourm    .   (no shield)
rNeg     . . .     Faith    .   v - +0 ring mail
rPois    .         Spirit   .   (helmet unavailable)
rElec    .         Reflect  .   o - +0 cloak
rCorr    .         Harm     .   f - +1 pair of gloves
MR       .....                  q - +0 pair of boots
Stlth    ..........             k - amulet of the acrobat
HPRegen  0.16/turn              p - ring of magical power
MPRegen  0.15/turn              t - +3 ring of protection

@: lethally poisoned (-2 -> -3)
A: permanent stasis, dig shafts and tunnels, four strong arms, antennae 3, beak,
claws 1
a: Dig, Shaft Self, Depart the Abyss, Renounce Religion


You were on level 5 of the Dungeon.
You worshipped Lugonu.
Lugonu was aware of your devotion.
You were hungry.

You visited 2 branches of the dungeon, and saw 6 of its levels.
You visited the Abyss 1 time.

You collected 157 gold pieces.

Inventory:

Hand Weapons
 a - a +1 spear
 e - a +2 spear of chaos (weapon)
Armour
 f - a +1 pair of gloves (worn)
 o - a +0 cloak (worn)
 q - a +0 pair of boots (worn)
 v - a +0 ring mail (worn)
Jewellery
 k - an amulet of the acrobat (around neck)
 p - a ring of magical power (left hand)
 t - a +3 ring of protection (right hand)
Wands
 u - a wand of digging (5)
Scrolls
 b - a scroll of blinking {unknown}
 d - a scroll of enchant armour
 h - 2 scrolls of remove curse
 i - 3 scrolls of teleportation
 j - 8 scrolls of identify
 n - a scroll of fear
Comestibles
 c - 4 rations


   Skills:
 + Level 4.5 Fighting
 + Level 3.9 Polearms
 * Level 4.5 Armour
 + Level 2.1 Dodging
 + Level 2.3 Invocations


You had 5 spell levels left.
You didn't know any spells.
Your spell library was empty.

Dungeon Overview and Level Annotations

Branches:
Dungeon (5/15)             Temple (1/1) D:4

Altars:
Ashenzari
Cheibriados
Dithmenos
Elyvilon
Fedhas
Hepliaklqana
Kikubaaqudgha
Makhleb
Nemelex Xobeh
Qazlal
Ru
Sif Muna
Trog
Uskayaw
Vehumet
Wu Jian
Xom
Yredelemnul
The Shining One

Annotations:
D:4 Dowan, Duvessa


Innate Abilities, Weirdness & Mutations

You cannot be hasted, slowed, berserked, paralysed or teleported.
You can dig through walls and to a lower floor.
Your four strong arms can wield two-handed weapons with a shield.
You have a pair of large antennae on your head. (SInv)
You have a beak for a mouth.
You have sharp fingernails.


Message History

The orc priest barely misses you. The worker ant barely misses you.
Attack whom?
Press: ? - help, Dir - move target cursor, f/p - orc priest
Aim: an orc priest, wielding a +0 trident and wearing a +0 ring mail (severely wounded)
You reach to attack!
You hit the orc priest.
The orc priest is severely wounded.
The orc priest mumbles some strange prayers to Beogh against you.
You struggle to resist.
The worker ant bites you.
* * * LOW HITPOINT WARNING * * *
Attack whom?
Press: ? - help, Dir - move target cursor, f/p - orc priest
Aim: an orc priest, wielding a +0 trident and wearing a +0 ring mail (severely wounded)
You reach to attack!
You are feeling hungry.
You closely miss the orc priest.
The orc priest is severely wounded.
The worker ant closely misses you.
The orc priest mumbles some strange prayers to Beogh against you.
Pain shoots through your body!
You die...

,,****,**,,,,,,,,,,,..#*,,,,,*,*
,,* *,**,,,,,,,*####.###+###*,*
,,* *,**,,,,,,,,,...{).#...,,,*
*** *,**,,,,,..,*,{#.....#**#***
*,**,,,,,...###......#,..,,,
*,**,,,,,........._..#.##***
*,,,,,,,,................*,,
****############.....#..#*,*
*......a@†o...<.......,,,
*.....########.####.##**,
*...,,,,,,,,*#........,*,
*.***,*****,*#..###.#.,,,
*,,,,,* *,*#..#,,,*,,,, *******
*,*#..#,,,,,#,, *,*#..#####.#.#
*,*#...÷......# *,*#...........


You could see a worker ant and an orc priest.

Vanquished Creatures
  A scorpion (D:4)
  A howler monkey (D:5)
  2 hounds
  Terence (D:3)
  4 gnolls (D:3)
  4 adders
  2 oozes (D:2)
  3 worms
  3 dart slugs
  2 leopard geckos (D:3)
  2 orcs (D:3)
  2 ball pythons (D:1)
  2 giant cockroaches
  5 goblins
  A hobgoblin (D:2)
  7 jackals
  A quokka (D:3)
  4 bats
  A jackal skeleton (D:5)
  4 kobolds
  6 rats
58 creatures vanquished.

Notes
Turn   | Place    | Note
-------+----------+-------------------------------------------
     0 | Abyss:1  | Ghella the Formicid Abyssal Knight began the quest for the
                  | Orb.
     0 | Abyss:1  | Reached XP level 1. HP: 18/18 MP: 2/2
    13 | Abyss:1  | Found a corrupted altar of Lugonu.
    82 | Abyss:1  | Noticed a sixfirhy
    83 | D:1      | Escaped the Abyss
   257 | D:1      | Reached * piety under Lugonu
   292 | D:1      | Reached skill level 1 in Dodging
   354 | D:1      | Reached XP level 2. HP: 25/25 MP: 3/3
  1417 | D:2      | Reached XP level 3. HP: 23/30 MP: 4/4
  1740 | D:2      | Found a snail-covered altar of Cheibriados.
  2232 | D:3      | Noticed a +0 hand axe
  2233 | D:3      | Found a hide-covered altar of Uskayaw.
  2234 | D:3      | Noticed a +0 hand axe
  2271 | D:3      | Reached XP level 4. HP: 25/37 MP: 5/5
  3381 | D:3      | Noticed Terence
  3397 | D:3      | Reached XP level 5. HP: 42/42 MP: 6/6
  3427 | D:3      | Killed Terence
  3821 | D:3      | Found a shimmering altar of Xom.
  4042 | D:4      | Found a staircase to the Ecumenical Temple.
  4056 | D:4      | Reached XP level 6. HP: 44/49 MP: 7/7
  4063 | Temple   | Entered the Ecumenical Temple
  4305 | D:4      | Found a radiant altar of Vehumet.
  4314 | D:4      | Noticed Dowan
  4315 | D:4      | Noticed Duvessa
  4340 | D:4      | Gained mutation: You have a beak for a mouth. [potion of
                  | mutation]
  4340 | D:4      | Gained mutation: You have sharp fingernails. [potion of
                  | mutation]
  4354 | D:5      | Entered Level 5 of the Dungeon
  4354 | D:5      | Found a hazy altar of Hepliaklqana.
  4430 | D:5      | Killed from afar by an orc priest

Vault maps used:
D:1:      nagdon_arrival_double_spiral
D:2:      cheibriados_altar_1, first_ration
D:3:      dancing_weapons_uskayaw, tgw_xom, uniq_terence
D:4:      old_standard_altar, vehumet_crystals, lemuel_coloured_pillars_altar,
          minmay_temple_entry_crystal_x, serial_shops, shop, uniq_purgy,
          uniq_duvessa
D:5:      basic_altar, gup_sewer_entry_bowl
Temple:   regret_index_temple_generic_petals

Skill      XL: |  1  2  3  4  5  6 |
---------------+-------------------+-----
Dodging        | 1 2 |  2.1
Fighting       | 4 |  4.5
Armour         | 3 4 |  4.5
Polearms       | 3 |  3.9
Invocations    | |  2.3

Action                   |  1- 3 |  4- 6 || total
-------------------------+-------+-------++-------
Melee: Spear             |   104 |   213 ||   317
       Peck              |       |     1 ||     1
Invok: Depart the Abyss  |     1 |       ||     1
  Use: Potion            |       |     6 ||     6
       Scroll            |       |     5 ||     5
 Stab: Invisible         |       |     1 ||     1
       Petrifying        |       |     1 ||     1
  Eat: Ration            |     1 |     1 ||     2
       Chunk             |       |     4 ||     4
Armor: Leather armour    |    23 |    22 ||    45
       Ring mail         |       |    60 ||    60
Dodge: Dodged            |    37 |   159 ||   196

Table legend:
 A = Non-vault XP
 B = Vault XP
 C = Vault XP percentage of total XP
 D = Non-vault monster count
 E = Vault monster count
 F = Vault count percentage of total count
                 A         B        C        D         E       F
            +---------+---------+-------+---------+---------+-------
      Total |     366 |      92 |  20.1 |      53 |       5 |   8.6
            +---------+---------+-------+---------+---------+-------
        D:1 |      14 |       0 |   0.0 |       8 |       0 |   0.0
        D:2 |      51 |       0 |   0.0 |      14 |       0 |   0.0
        D:3 |      81 |      92 |  53.2 |      21 |       5 |  19.2
        D:4 |     121 |       0 |   0.0 |       6 |       0 |   0.0
        D:5 |      99 |       0 |   0.0 |       4 |       0 |   0.0
            +---------+---------+-------+---------+---------+-------
